Map: Neon Violet Square LE

Players

Kelazhur

  • Race: Terran Terran
  • League: Master
  • Spawn Location: 5:00

JonSnow - Winner!

  • Race: Zerg Zerg
  • League: Grandmaster
  • Spawn Location: 11:00

VOD

Have the link to the VOD?

Description

Time

  • Played on: Dec. 23, 2017, 7:18 p.m.
  • Length: 20:18
Show
View Real Time Build Order
Export as new Build Order

Kelazhur Terran 

Build Orders: Bio Tank 

Get SALT Encoding   

  12  0:00  SCV  
  13  0:12  SCV  
  14  0:18  Supply Depot  
  14  0:25  SCV  
  15  0:39  SCV  
  15  0:41  Barracks  
  16  0:45  Refinery  
  16  0:52  SCV  
  17  1:04  SCV  
  18  1:16  SCV  
  19  1:28  Marine  
  19  1:29  Orbital Command  
  20  1:42  Command Center  
  20  1:46  Marine  
  21  1:52  Supply Depot  
  21  1:55  SCV  
  22  2:06  Factory  
  22  2:10  Barracks Reactor  
  22  2:12  SCV  
  23  2:19  Refinery  
  23  2:28  SCV  
  24  2:40  SCV  
  25  2:52  Starport, SCV  
  25  2:54  Orbital Command  
  25  2:56  Hellion  
  25  2:57  Hellion  
  29  2:59  Barracks Tech Lab  
  29  3:04  SCV  
  30  3:16  Engineering Bay, SCV  
  31  3:23  SCV  
  31  3:33  SCV  
  32  3:35  Medivac, SCV  
  32  3:39  High Capacity Fuel Tanks  
  39  3:41  Hellion x2  
  39  3:45  SCV  
  39  3:47  SCV  
  41  3:51  Supply Depot  
  41  3:57  SCV  
  41  3:59  SCV  
  43  4:05  Viking  
  43  4:09  SCV  
  46  4:12  SCV  
  46  4:14  Supply Depot  
  47  4:21  Command Center  
  47  4:22  SCV  
  48  4:26  Engineering Bay  
  48  4:27  SCV  
  48  4:30  Barracks Tech Lab  
  49  4:34  SCV  
  49  4:39  SCV  
  50  4:46  SCV  
  50  4:51  SCV  
  51  4:55  Terran Infantry Weapons Level 1  
  51  4:56  Marine  
  51  4:57  Stimpack  
  51  4:59  SCV  
  53  5:03  SCV  
  54  5:09  Barracks  
  54  5:10  Factory Reactor  
  54  5:11  SCV, Barracks, Starport Reactor  
  54  5:13  Engineering Bay  
  55  5:18  SCV  
  55  5:19  Refinery x2  
  56  5:24  Marine, SCV  
  58  5:30  SCV  
  58  5:33  Orbital Command  
  59  5:36  SCV  
  59  5:39  Terran Infantry Armor Level 1  
  60  5:43  SCV  
  60  5:44  Barracks  
  60  5:47  Barracks  
  60  5:48  SCV  
  62  5:51  Armory  
  62  5:53  Marine  
  62  5:55  SCV  
  64  6:00  SCV  
  64  6:01  Medivac x2  
  64  6:03  Marine x2  
  72  6:07  Orbital Command, SCV  
  72  6:09  Siege Tank  
  75  6:13  Marine, SCV  
  77  6:18  Supply Depot, Marine x2  
  77  6:23  Marine x2, SCV  
  82  6:31  Supply Depot  
  82  6:32  SCV  
  83  6:39  Marine x2  
  85  6:44  SCV  
  85  6:46  Barracks Reactor x2  
  80  6:47  Marine x3  
  80  6:49  SCV  
  80  6:51  Siege Tank  
  87  6:54  Medivac x2  
  87  6:55  SCV  
  87  6:56  SCV  
  87  7:01  SCV  
  94  7:07  SCV  
  95  7:08  SCV  
  95  7:09  Supply Depot x2  
  95  7:12  Supply Depot  
  95  7:13  Supply Depot, Terran Infantry Weapons Level 2, SCV  
  97  7:18  Marine x3  
  97  7:19  SCV, Refinery  
  101  7:25  Combat Shields  
  101  7:30  Supply Depot, Terran Vehicle Weapons Level 1, SCV  
  101  7:31  SCV  
  101  7:32  Supply Depot  
  101  7:35  Supply Depot, SCV  
  102  7:39  Terran Infantry Armor Level 2  
  102  7:43  Siege Tank  
  103  7:45  SCV x2  
  103  7:48  Marine x5, Marauder  
  112  7:53  Supply Depot  
  112  7:54  Marine  
  113  7:59  Barracks  
  113  8:00  Barracks  
  108  8:09  Marine x4  
  108  8:10  Marine x3, Marauder  
  108  8:12  Marine, Medivac  
  114  8:13  Medivac  
  119  8:27  Marine x3  
  119  8:28  Siege Tank  
  119  8:31  Marauder  
  127  8:34  Factory  
  127  8:35  Marine  
  127  8:36  Marine x4, Factory  
  132  8:42  Medivac  
  132  8:45  Marine  
  132  8:47  Marine x2  
  137  8:51  Barracks Tech Lab, Barracks Reactor  
  137  8:52  Marine  
  137  8:53  Command Center, Marine  
  139  8:56  Supply Depot  
  139  8:59  Marine  
  139  9:01  Siege Tank  
  143  9:13  Marine x5, Marauder  
  143  9:15  Marine, Marauder  
  143  9:17  Marine  
  152  9:19  Factory Tech Lab  
  152  9:20  Factory Tech Lab  
  153  9:25  Terran Vehicle Weapons Level 2  
  153  9:33  Siege Tank  
  153  9:35  Marauder  
  148  9:40  Marine, Marauder  
  148  9:41  Siege Tank  
  148  9:44  Marine x7  
  161  9:56  Marauder  
  161  9:59  Marine x3  
  164  10:01  Marine  
  164  10:02  Terran Infantry Weapons Level 3  
  164  10:03  Supply Depot  
  164  10:04  Supply Depot, Concussive Shells  
  164  10:05  Supply Depot  
  164  10:06  Marine x6  
  173  10:07  Marauder  
  173  10:10  Unknown  
  173  10:15  Unknown x3  
  173  10:19  Marine  
  173  10:20  Marine  
  173  10:21  Marine  
  171  10:23  Marauder  
  171  10:24  Marine  
  174  10:29  Siege Tank  
  175  10:40  Medivac  
  175  10:41  Medivac  
  175  10:42  Siege Tank  
  182  10:46  Refinery  
  182  10:47  Marine, Marauder x2  
  182  10:48  Marine x8  
  195  11:04  Terran Infantry Armor Level 3  
  195  11:06  Marine x5  
  195  11:08  Missile Turret  
  199  11:24  Marine  
  199  11:25  Marine x9, Marauder x2  
  182  11:26  Siege Tank  
  182  11:32  Medivac x2  
  181  11:40  SCV x3  
  181  11:42  Marine x3  
  181  11:46  Marauder, Refinery  
  187  11:49  Refinery  
  187  11:52  SCV  
  188  11:58  Marauder  
  178  12:04  Marine x4  
  178  12:08  Marauder  
  168  12:11  Siege Tank x2  
  168  12:13  Marine x6  
  168  12:14  Siege Tank  
  173  12:19  Marauder  
  173  12:21  Marine  
  173  12:22  Marine x3  
  179  12:28  Marine  
  180  12:31  Marine x3  
  161  12:41  Marauder  
  161  12:43  Siege Tank x2  
  157  12:45  Medivac x2  
  157  12:47  Marauder  
  157  12:50  Marine  
  162  12:51  Siege Tank  
  162  12:58  Marine x7  
  161  12:59  Marine  
  161  13:02  Marauder  
  163  13:07  Marine  
  163  13:08  Marauder  
  160  13:14  Marine  
  160  13:15  Siege Tank x2  
  167  13:23  Marauder  
  167  13:26  Marine x8  
  167  13:27  Marine  
  167  13:31  Siege Tank  
  171  13:44  Marauder  
  171  13:47  Siege Tank x2  
  179  13:48  Marine  
  179  13:49  Marine x9, Marauder  
  181  14:05  Marine  
  157  14:13  Marine  
  157  14:14  Marine x3, Siege Tank, Marauder  
  133  14:17  Medivac x2  
  133  14:19  Siege Tank  
  133  14:23  Planetary Fortress  
  140  14:27  Marine x3, Marauder  
  140  14:29  Siege Tank  
  148  14:39  Marine  
  148  14:40  Marauder  
  151  14:47  Medivac x2  
  151  14:51  Marine x3, Marauder  
  160  14:53  Siege Tank  
  166  15:00  Siege Tank  
  166  15:02  Marine  
  166  15:03  Marine x6, Marauder  
  175  15:08  Marine  
  175  15:10  Ghost Academy  
  176  15:16  Refinery  
  176  15:17  Marauder  
  176  15:18  Command Center  
  178  15:24  Marauder  
  178  15:26  Marine  
  178  15:27  Marine  
  182  15:29  Viking x2  
  184  15:38  Marauder  
  184  15:53  Ghost, Barracks Tech Lab  
  184  15:56  Moebius Reactor  
  186  15:59  Ghost  
  186  16:00  Starport  
  178  16:16  Ghost  
  178  16:17  Marine  
  178  16:18  Marine x3  
  160  16:22  Ghost  
  150  16:28  Marauder  
  152  16:35  Marine x4  
  156  16:46  Marauder  
  154  16:49  Marine  
  154  16:51  Marine  
  154  16:53  Marine  
  157  16:55  Siege Tank x2  
  159  17:07  Marauder  
  141  17:11  Marine x4, Marauder x2  
  145  17:24  Barracks Tech Lab  
  145  17:28  Marine, Siege Tank  
  149  17:34  Barracks Tech Lab  
  149  17:40  Siege Tank  
  152  17:47  Orbital Command  
  130  18:02  Siege Tank x2  
  136  18:13  Siege Tank  
  139  18:34  Siege Tank x2  
  142  18:38  Nuke  
  145  18:45  Ghost x2  
  145  18:46  Ghost x3  
  145  18:48  Marine x4  
  157  19:02  Unknown x2  
  153  19:07  Marine x4  
  70  19:15  Marine, Marauder x4  
  70  19:25  Marine  
Show
View Real Time Build Order
Export as new Build Order

JonSnow Zerg - Winner!

Build Orders: Hatch First 

Get SALT Encoding   

  12  0:01  Drone  
  13  0:13  Overlord  
  13  0:18  Drone  
  14  0:31  Drone x2  
  14  0:35  Drone  
  17  0:52  Hatchery  
  17  0:56  Drone  
  17  0:59  Drone  
  18  1:11  Extractor  
  17  1:15  Spawning Pool  
  17  1:17  Drone  
  17  1:21  Drone  
  18  1:28  Drone  
  19  1:39  Overlord  
  19  1:50  Drone  
  20  2:01  Queen  
  20  2:02  Zergling x2  
  20  2:04  Queen, Zergling x2  
  26  2:10  Metabolic Boost  
  26  2:14  Drone  
  27  2:16  Drone  
  28  2:23  Overlord  
  29  2:30  Drone  
  29  2:33  Drone  
  30  2:41  Queen  
  32  2:47  Drone x3  
  32  2:51  Queen  
  35  2:57  Drone  
  38  3:01  Drone  
  39  3:08  Overlord  
  39  3:16  Drone x5  
  44  3:24  Overlord  
  44  3:26  Overlord  
  44  3:33  Hatchery  
  43  3:39  Drone x3  
  43  3:40  Drone  
  47  3:42  Overlord  
  47  3:51  Zergling x8  
  47  3:54  Lair  
  51  3:56  Drone  
  51  4:00  Overlord  
  51  4:02  Drone x2  
  54  4:06  Drone, Spore Crawler  
  54  4:09  Extractor x2  
  51  4:13  Queen  
  53  4:17  Baneling Nest  
  53  4:18  Drone  
  53  4:22  Overlord  
  53  4:26  Drone x2  
  53  4:27  Drone  
  56  4:33  Drone x3  
  59  4:43  Zergling x8  
  63  4:49  Overlord  
  62  4:52  Evolution Chamber  
  62  4:53  Drone  
  62  4:56  Evolution Chamber, Overseer  
  61  5:00  Drone x2  
  61  5:01  Drone x3  
  66  5:07  Drone x2  
  66  5:08  Drone  
  69  5:15  Drone  
  69  5:17  Drone  
  69  5:19  Zerg Melee Weapons Level 1  
  71  5:26  Centrifical Hooks  
  71  5:27  Zerg Ground Armor Level 1  
  70  5:29  Drone x3  
  70  5:30  Drone x2  
  70  5:32  Overlord  
  75  5:38  Overlord  
  75  5:41  Baneling x3  
  75  5:43  Drone x4  
  75  5:44  Drone  
  75  5:46  Drone  
  75  5:47  Extractor  
  75  5:49  Drone x2  
  82  5:51  Drone  
  82  5:53  Extractor, Drone  
  82  5:54  Extractor  
  82  6:02  Hatchery  
  81  6:08  Zergling x10  
  85  6:11  Overlord  
  85  6:14  Drone x3  
  85  6:15  Hydralisk Den  
  87  6:24  Drone  
  88  6:27  Hatchery  
  88  6:28  Baneling x2  
  88  6:30  Drone x2  
  88  6:31  Drone x4  
  92  6:34  Overlord  
  92  6:45  Drone  
  91  6:48  Zergling x22  
  91  6:50  Baneling x2  
  91  6:53  Muscular Augments  
  102  7:02  Drone  
  102  7:04  Infestation Pit, Hydralisk x3  
  108  7:15  Zerg Melee Weapons Level 2  
  108  7:17  Baneling  
  108  7:18  Baneling, Drone x3  
  108  7:19  Drone x3  
  114  7:23  Zergling x16  
  120  7:40  Extractor  
  120  7:41  Hive  
  120  7:43  Hydralisk  
  120  7:44  Hydralisk x3  
  125  7:51  Overlord  
  125  7:56  Baneling x3  
  125  7:59  Zergling x2  
  125  8:00  Overlord  
  125  8:02  Overlord x2  
  118  8:08  Drone x2  
  118  8:09  Drone x3  
  118  8:10  Drone  
  118  8:12  Hydralisk  
  123  8:13  Hydralisk x4  
  123  8:18  Baneling x5  
  123  8:19  Hydralisk x3  
  133  8:20  Hydralisk x2  
  133  8:21  Zergling x2  
  144  8:29  Hydralisk  
  144  8:30  Hydralisk x5  
  156  8:38  Hydralisk x2  
  156  8:41  Overlord  
  158  8:43  Overlord x4  
  158  8:44  Extractor  
  157  8:58  Ultralisk Cavern  
  157  9:00  Viper  
  158  9:15  Overlord  
  158  9:16  Zerg Ground Armor Level 2  
  156  9:18  Zergling x2  
  156  9:19  Zergling x46  
  156  9:21  Extractor  
  179  9:28  Overlord  
  179  9:32  Overlord  
  174  9:39  Viper  
  174  9:42  Hatchery, Zerg Melee Weapons Level 3  
  174  9:45  Overlord  
  176  9:49  Chitinous Plating  
  176  9:51  Drone x4  
  176  9:52  Drone  
  180  10:01  Ultralisk  
  186  10:11  Ultralisk  
  186  10:12  Zergling x14  
  199  10:25  Zergling x2  
  199  10:27  Overlord x2  
  198  10:31  Baneling x3  
  179  10:36  Zergling x2, Ultralisk x2  
  179  10:37  Zergling x14  
  198  10:47  Zergling x4  
  200  10:56  Overlord  
  195  11:00  Spire, Queen  
  195  11:01  Zergling x6  
  199  11:04  Baneling  
  199  11:05  Baneling x4  
  169  11:29  Zergling x10, Ultralisk x4  
  169  11:30  Zergling x24  
  189  11:34  Baneling  
  189  11:35  Baneling x3  
  189  11:36  Baneling x2  
  187  11:42  Zergling x2  
  187  11:43  Zergling x10  
  193  11:48  Zerg Ground Armor Level 3  
  193  11:52  Ultralisk  
  193  11:53  Zergling x2  
  190  12:07  Ultralisk  
  190  12:08  Zergling x8  
  181  12:13  Zergling x22  
  181  12:14  Zergling x4  
  193  12:17  Corruptor x2  
  193  12:21  Baneling x3  
  197  12:24  Zergling x4  
  190  12:38  Zergling x8, Ultralisk  
  190  12:41  Corruptor  
  200  12:51  Baneling x3  
  196  13:06  Corruptor x2  
  196  13:11  Extractor  
  195  13:21  Greater Spire  
  195  13:24  Ultralisk  
  200  13:49  Hatchery, Baneling x2  
  195  14:08  Ultralisk x3  
  195  14:09  Zergling x4, Ultralisk  
  170  14:17  Zergling x28  
  170  14:18  Zergling x14  
  170  14:21  Ultralisk x3  
  170  14:22  Zergling x16  
  199  14:30  Extractor  
  198  14:32  Extractor  
  198  14:33  Zergling x2  
  198  14:34  Zergling x2  
  199  14:41  Hatchery  
  199  14:44  Baneling x3  
  198  14:54  Spore Crawler  
  198  14:55  Spore Crawler  
  198  14:56  Brood Lord x3, Spore Crawler x2  
  198  14:57  Spore Crawler  
  199  15:00  Spore Crawler, Corruptor  
  199  15:06  Burrow  
  202  15:22  Baneling x3  
  202  15:23  Baneling x2  
  202  15:35  Zerg Flyer Weapons Level 1  
  202  15:57  Baneling x4  
  194  16:10  Ultralisk x3  
  194  16:11  Zergling x16, Ultralisk x2  
  199  16:16  Zergling x34  
  187  16:24  Zergling x2  
  187  16:25  Zergling x46  
  179  16:28  Queen  
  181  16:37  Viper x2  
  178  16:40  Zergling x2, Ultralisk x2  
  178  16:41  Zergling x4  
  178  16:47  Overseer  
  191  16:53  Zergling x6  
  191  16:54  Zergling x6  
  182  17:04  Corruptor  
  182  17:05  Corruptor  
  175  17:15  Corruptor x2  
  167  17:23  Corruptor  
  169  17:32  Corruptor  
  171  17:41  Corruptor x2  
  170  17:55  Corruptor  
  170  17:56  Corruptor x2  
  174  18:01  Pathogen Glands  
  174  18:03  Drone  
  174  18:04  Drone  
  176  18:10  Baneling x4  
  176  18:12  Overseer x2  
  176  18:18  Zergling x2  
  176  18:19  Zergling x8  
  181  18:21  Baneling x4  
  180  18:30  Ultralisk  
  186  18:37  Baneling x3  
  186  18:44  Zergling x12  
  186  18:45  Zergling x4  
  193  18:52  Zergling x4  
  187  19:04  Zergling x2, Ultralisk  
  187  19:05  Zergling x10  
  187  19:08  Zergling x6  
Tags
 
Add a new tag
Caveats
  • Supply blocks, unpowered buildings, or Contaminate may cause inaccurate times.
  • Supply counts are checked every 10 seconds.